 Dungeon Crawl Stone Soup version 0.29.1-13-g9f3cf754e1 (webtiles) character file.

Game seed: 10625945892751835153

7398 Oxelix the Bludgeoner (level 10, -4/139 HPs)
             Began as a Minotaur Fighter on Jan 21, 2023.
             Was a High Priest of Okawaru.
             Slain by an orc warrior
             ... wielding a +0 glaive
              (9 damage)
             ... on level 9 of the Dungeon.
             The game lasted 00:21:02 (10026 turns).

Oxelix the Bludgeoner (Minotaur Fighter)           Turns: 10026, Time: 00:21:02

Health: -4/139     AC: 15    Str: 26    XL:     10   Next: 92%
Magic:  7/9        EV:  8    Int:  5    God:    Okawaru [*****.]
Gold:   391        SH:  6    Dex:  9    Spells: 9/9 levels left

rFire   . . .      SeeInvis .   v - +2 morningstar (drain)
rCold   . . .      Faith    .   c - +0 buckler
rNeg    . . .      Spirit   .   C - +0 plate armour
rPois   +          Reflect  .   (helmet restricted)
rElec   .          Harm     .   (no cloak)
rCorr   .          Rampage  .   (no gloves)
Will    .....                   (no boots)
Stlth   ..........              (no amulet)
HPRegen 0.33/turn               f - ring of poison resistance
MPRegen 0.11/turn               (no ring)

@: berserking (expiring), heroic, very quick
A: horns 2, retaliatory headbutt
a: Renounce Religion, Heroism, Finesse, Duel


You were on level 9 of the Dungeon.
You worshipped Okawaru.
Okawaru was extremely pleased with you.
You visited 2 branches of the dungeon, and saw 10 of its levels.
You also visited: Sewer.

You collected 629 gold pieces.
You spent 238 gold pieces at shops.

Inventory:

Hand Weapons
 a - a +0 flail
 j - a +2 whip of venom
 v - a +2 morningstar of draining (weapon)
Missiles
 x - 11 poisoned darts (quivered)
 E - 4 boomerangs
Armour
 c - a +0 buckler (worn)
 C - a +0 plate armour (worn)
Jewellery
 f - a ring of poison resistance (left hand)
 y - a ring of fire
 D - a ring of ice
 J - a +4 ring of evasion
Wands
 n - a wand of roots (15)
 L - a wand of digging (8)
 N - a wand of quicksilver (5)
Scrolls
 b - 4 scrolls of enchant armour {unknown}
 d - a scroll of vulnerability {unknown}
 g - a scroll of poison {unknown}
 h - a scroll of brand weapon {unknown}
 i - 7 scrolls of teleportation
 l - 2 scrolls of amnesia
 m - 2 scrolls of immolation
 o - 2 scrolls of fog {unknown}
 p - 3 scrolls of noise {unknown}
 q - a scroll of fear {unknown}
 A - a scroll of silence {unknown}
 G - a scroll of magic mapping {unknown}
 H - a scroll of identify
 M - 3 scrolls of torment {unknown}
Potions
 e - 4 potions of curing
 k - a potion of attraction {unknown}
 r - 2 potions of might
 s - 2 potions of ambrosia {unknown}
 t - a potion of heal wounds
 u - 2 potions of flight
 w - 2 potions of haste
 z - a potion of lignification
 F - a potion of brilliance
 I - 2 potions of degeneration {unknown}
 K - a potion of cancellation {unknown}


   Skills:
 - Level 10.0(15.0) Fighting
 - Level 16.0(21.0) Maces & Flails
 + Level 6.5(11.5) Armour
 + Level 6.6(11.6) Shields


You had 9 spell levels left.
You didn't know any spells.
Your spell library contained the following spells:

 Spells                   Type           Power      Damage    Failure   Level
 Freeze                   Ice            0%         1d3       99%         1
 Blink                    Tloc           0%         N/A       100%        2
 Frozen Ramparts          Ice            0%         1d1       100%        3
 Lesser Beckoning         Tloc           0%         N/A       100%        3
 Cause Fear               Hex            0%         N/A       100%        4
 Hailstorm                Conj/Ice       0%         3d3       100%        4
 Olgreb's Toxic Radiance  Pois           0%         N/A       100%        4
 Passage of Golubria      Tloc           0%         N/A       100%        4
 Manifold Assault         Tloc           0%         N/A       100%        5
 Yara's Violent Unravell  Hex/Tmut       0%         3d3       100%        5
 Dragon Form              Tmut           0%         N/A       100%        7
 Ozocubu's Refrigeration  Ice            0%         4d7       100%        7
 Ignition                 Fire           0%         3d3       100%        8
 Tukima's Dance           Hex            Unusable   N/A       N/A         3
 Dragon's Call            Summ           Unusable   N/A       N/A         9

Dungeon Overview and Level Annotations

Branches:
Dungeon (9/15)             Temple (1/1) D:4            Lair (0/5) D:8
    Orc (0/2) D:9           Sewer (visited)

Altars:
Ashenzari
Cheibriados
Elyvilon
Fedhas
Gozag
Kikubaaqudgha
Makhleb
Nemelex Xobeh
Okawaru
Qazlal
Ru
Sif Muna
Trog
Uskayaw
Vehumet
Wu Jian
Xom
Yredelemnul
Zin
The Shining One

Shops:
D:6 !?


Innate Abilities, Weirdness & Mutations

You have a pair of horns on your head.
You reflexively headbutt those who attack you in melee.


Message History

You feel a strong urge to attack something.
The orc warrior hits you with a +0 glaive.
* * * LOW HITPOINT WARNING * * *
The gnoll sergeant hits you from afar with a +0 spear!
* * * LOW HITPOINT WARNING * * *
Things that are here:
a +0 hand axe; a +0 plate armour You barely miss the orc warrior.
The orc warrior is severely wounded.
You barely miss the orc warrior. Your headbutt misses the orc warrior.
The orc warrior is severely wounded.
The orc warrior closely misses you.
The gnoll sergeant hits you from afar with a +0 spear.
* * * LOW HITPOINT WARNING * * *
You impale the orc warrior!!
You kill the orc warrior!
Okawaru accepts your kill.
The orc warrior hits you from afar with a +0 glaive!
* * * LOW HITPOINT WARNING * * *
You block the gnoll sergeant's attack. The orc warrior barely misses you.
Items here: (( )) [ †.
You bludgeon the gnoll sergeant!!
You kill the gnoll sergeant!
Okawaru accepts your kill.
You bludgeon the orc warrior!! You drain the orc warrior.
You kill the orc warrior!
Okawaru accepts your kill.
You can now enter into single combat with a foe.
Okawaru will now gift you equipment as you gain piety.
You hear a shout! x2
The orc warrior hits you from afar with a +0 glaive!
* * * LOW HITPOINT WARNING * * *
A kobold brigand comes into view.
It is wielding a +0 dagger and quivering poisoned darts.
You sock the orc warrior! You drain the orc warrior.
The orc warrior is heavily wounded.
You hit the orc warrior but do no damage.
You drain the orc warrior.
The orc warrior is severely wounded.
The orc warrior hits you from afar with a +0 glaive!
You die...

.#.....####.............###......
##.....#..#.....###....##.#......
#..............## ###..##........
...............######............
.........#.#....##.##............
.........###....[...#...........)
........## ##...##.....>.........
....>##..##########..............
........##.(...)@).............#.
..#.....#..####o###............#.
..#.##......#8To #..............
.....##..#.##.go #..............
.....##.....#..K #..............
............#..K #.....#......##
...[...#....#8.. #...###........
####......#########.......#....#.
#...............#.....#.#......


You could see a troll, 2 orc warriors, 2 kobold brigands, a gnoll and an orc.

Vanquished Creatures
  2 two-headed ogres
  Maurice (D:8)
  Grinder (D:3)
  Sigmund (D:5)
  A wyvern (D:8)
  3 yaks (D:6)
  2 steam dragons (D:9)
  Duvessa (D:5)
  A water moccasin (D:6)
  4 orc warriors (D:9)
  2 black bears
  An ice beast (D:7)
  4 ogres
  A centaur (D:7)
  A phantom (D:7)
  5 kobold brigands
  A gnoll sergeant (D:9)
  6 bullfrogs
  2 necrophages
  9 scorpions
  9 wights
  Dowan (D:5)
  10 killer bees
  4 howler monkeys
  2 hounds
  A jelly (D:7)
  7 orc priests
  5 iguanas
  Terence (D:3)
  4 orc wizards
  12 gnolls
  3 adders
  A river rat (Sewer)
  A shadow imp (D:5)
  2 worms (D:3)
  3 dart slugs
  The ghost of Descartes the Sneak, a weakling FeDe (D:5)
  22 orcs
  2 ball pythons
  4 endoplasms
  5 giant cockroaches
  A goblin (D:1)
  7 hobgoblins
  18 jackals
  15 kobolds
  6 quokkas
  7 bats
  4 frilled lizards
  13 rats
220 creatures vanquished.

Notes
Turn   | Place    | Note
-------+----------+-------------------------------------------
     0 | D:1      | Oxelix the Minotaur Fighter began the quest for the Orb.
     0 | D:1      | Reached XP level 1. HP: 19/19 MP: 0/0
    29 | D:1      | Found a faded altar of an unknown god.
   154 | D:1      | Reached skill level 3 in Maces & Flails
   160 | D:1      | Reached XP level 2. HP: 27/27 MP: 1/1
   387 | D:1      | Reached XP level 3. HP: 33/33 MP: 2/2
   478 | D:1      | Reached skill level 4 in Maces & Flails
   845 | D:2      | Found a blossoming altar of Fedhas.
  1212 | D:3      | Noticed Grinder
  1299 | D:3      | Reached XP level 4. HP: 41/41 MP: 3/3
  1359 | D:3      | Reached skill level 5 in Maces & Flails
  1367 | D:3      | Reached skill level 5 in Fighting
  1367 | D:3      | Reached XP level 5. HP: 12/48 MP: 4/4
  1516 | D:3      | Killed Grinder
  1517 | D:3      | Reached skill level 7 in Maces & Flails
  1517 | D:3      | Reached XP level 6. HP: 35/57 MP: 5/5
  1685 | D:3      | Found an iron altar of Okawaru.
  1752 | D:3      | Became a worshipper of Warmaster Okawaru
  1846 | D:3      | Found an ornate altar of the Wu Jian Council.
  1849 | D:3      | Found a basalt altar of Yredelemnul.
  1991 | D:3      | Noticed Terence
  2002 | D:3      | Killed Terence
  2038 | D:3      | Found a snail-covered altar of Cheibriados.
  2477 | D:4      | Reached XP level 7. HP: 48/63 MP: 6/6
  2597 | D:4      | Reached skill level 8 in Maces & Flails
  2722 | D:4      | Found a glowing drain.
  2726 | Sewer    | Entered a sewer
  2781 | Sewer    | Reached * piety under Okawaru
  2886 | Sewer    | Found a glowing silver altar of Zin.
  3071 | D:4      | Found a sparkling altar of Nemelex Xobeh.
  3124 | D:4      | Reached skill level 9 in Maces & Flails
  3269 | D:4      | Found a staircase to the Ecumenical Temple.
  3440 | Temple   | Entered the Ecumenical Temple
  3839 | D:5      | Entered Level 5 of the Dungeon
  3850 | D:5      | Noticed Duvessa
  3851 | D:5      | Noticed Dowan
  3860 | D:5      | Killed Duvessa
  3861 | D:5      | Reached XP level 8. HP: 72/73 MP: 4/7
  3867 | D:5      | Killed Dowan
  4238 | D:5      | Reached ** piety under Okawaru
  4239 | D:5      | Reached skill level 10 in Maces & Flails
  4514 | D:5      | Noticed a two-headed ogre
  4524 | D:5      | Killed a two-headed ogre
  4524 | D:5      | Reached *** piety under Okawaru
  4525 | D:5      | Reached skill level 11 in Maces & Flails
  4529 | D:5      | Reached XP level 9. HP: 23/82 MP: 5/8
  4862 | D:5      | Found a transporter.
  4863 | D:5      | Noticed Descartes's ghost (weakling FeDe)
  4875 | D:5      | Found a transporter.
  4892 | D:5      | Noticed Sigmund
  4906 | D:5      | Killed Sigmund
  4907 | D:5      | Reached skill level 12 in Maces & Flails
  5087 | D:5      | Found a radiant altar of Vehumet.
  5485 | D:5      | Killed Descartes's ghost
  5947 | D:6      | Found a burning altar of Makhleb.
  6003 | D:6      | Reached skill level 13 in Maces & Flails
  6011 | D:6      | Reached **** piety under Okawaru
  6012 | D:6      | Reached skill level 10 in Fighting
  6097 | D:6      | Found Ciasuox's Distillery.
  6105 | D:6      | Bought a potion of berserk rage for 70 gold pieces
  6105 | D:6      | Bought a potion of lignification for 42 gold pieces
  6105 | D:6      | Bought a potion of curing for 42 gold pieces
  6116 | D:6      | Found Jeurog's Magic Scroll Shop.
  6119 | D:6      | Bought a scroll of identify for 24 gold pieces
  6119 | D:6      | Bought a scroll of identify for 24 gold pieces
  6119 | D:6      | Bought a scroll of teleportation for 36 gold pieces
  6831 | D:7      | Reached skill level 14 in Maces & Flails
  7169 | D:7      | Reached XP level 10. HP: 93/93 MP: 9/9
  7672 | D:8      | Noticed a two-headed ogre
  7680 | D:8      | Killed a two-headed ogre
  7686 | D:8      | Reached skill level 15 in Maces & Flails
  7937 | D:8      | Noticed Maurice
  8074 | D:8      | Killed Maurice
  8075 | D:8      | Reached skill level 5 in Armour
  8075 | D:8      | Reached skill level 5 in Shields
  8196 | D:8      | Found a sacrificial altar of Ru.
  8238 | D:8      | Found a bloodstained altar of Trog.
  8283 | D:8      | Found a staircase to the Lair.
  9956 | D:9      | Found a staircase to the Orcish Mines.
  9977 | D:9      | Reached skill level 16 in Maces & Flails
 10024 | D:9      | Reached ***** piety under Okawaru
 10024 | D:9      | HP: 5/139 [orc warrior/+0 glaive (14)]
 10026 | D:9      | Slain by an orc warrior

Illustrated notes

Levels and vault maps discovered:
D:1:      matt_arrival_diagonals, layout_loops_ring,
          hellmonk_ecumenical_altar_dog_temple
D:2:      layout_basic, basic_altar, uniq_robin
D:3:      layout_loops_ring, nicolae_overflow_squiral,
          mainiacjoe_overflow_brackets, cheibriados_altar_1, grunt_decor_cap,
          uniq_grinder, uniq_terence
D:4:      layout_loops_corners, nicolae_overflow_hidden_temple, temple_doors_e,
          gup_sewer_entry_bowl
D:5:      layout_loops_ring, kennysheep_little_box, gammafunk_ghost_smash,
          uniq_duvessa, uniq_sigmund
D:6:      layout_cave_pods, mainiacjoe_overflow_alcove_1, serial_shops,
          nicolae_shop_behind_doors, nicolae_shop_stone
D:7:      layout_basic, hangedman_abyss_or_decor_stabs
D:8:      layout_gridville, nicolae_ru_path_of_blood, lightli_temple_of_fire,
          dpeg_oklobed_lair, uniq_maurice
D:9:      layout_cave_pools, kennysheep_mini_moat,
          kennysheep_orc_monster_closet_entryway
Temple:   minmay_freezing_vapour_temple

Skill      XL: |  1  2  3  4  5  6  7  8  9 10 |
---------------+-------------------------------+-----
Maces & Flails | 3 4 5 7 9 11 14 16 | 16.0
Fighting       | 4 5 6 7 8 10 | 10.0
Armour         | 6 |  6.5
Shields        | 6 |  6.6

Action                   |  1- 3 |  4- 6 |  7- 9 | 10-12 || total
-------------------------+-------+-------+-------+-------++-------
Melee: Flail             |    69 |       |       |       ||    69
       Headbutt          |     9 |    10 |    57 |    23 ||    99
       Whip              |    16 |    81 |   262 |       ||   359
       Morningstar       |       |       |       |   148 ||   148
Throw: Throwing net      |       |       |     1 |       ||     1
       Boomerang         |       |       |       |    30 ||    30
       Dart              |       |       |       |    10 ||    10
Invok: Heroism           |       |       |     3 |     5 ||     8
  Use: Potion            |       |     1 |       |     8 ||     9
       Scroll            |       |       |     2 |     1 ||     3
Armor: Scale mail        |    40 |    12 |       |       ||    52
       Chain mail        |       |     7 |    50 |       ||    57
       Plate armour      |       |       |    16 |    93 ||   109
       Skin              |       |       |       |    15 ||    15
Dodge: Dodged            |    40 |    22 |    46 |    53 ||   161
Block: Buckler           |    19 |    12 |    32 |    49 ||   112
